PBL
YORK REVOLUTION @ PARIS CUBS
05/30/2048
 
TOP OF THE 1ST
York Revolution batting - Pitching for Paris Cubs : RHP Chris P. Shephard
Pitching: RHP Chris P. Shephard
Batting: LHB Bryant Dill 0-0: Ball
1-0: Foul Ball, location: 2F
1-1: Foul Ball, location: 2F
1-2: Fly out, F7 (Line Drive, 7S, EV 99.4 MPH)
Batting: RHB Teh-huai Jiang 0-0: Called Strike
0-1: Called Strike
0-2: Ball
1-2: Foul Ball, location: 2F
1-2: Ball
2-2: Ball
3-2: Base on Balls
Batting: RHB Eddie Serna 0-0: Ball
1-0: Foul Ball, location: 2F
1-1: Ball
2-1: Called Strike
2-2: Ball
3-2: Fielders Choice at 2nd, 6-4 (Groundball, 6, EV 103.8 MPH)
Batting: LHB Jean-Claude Vanbiesbrouck 0-0: Ball
Eddie Serna steals 2nd base
1-0: Ball
2-0: Ball
3-0: Called Strike
3-1: Base on Balls
Batting: LHB Dennis French 0-0: Called Strike
0-1: Fly out, F8 (Flyball, 89S, EV 77.5 MPH)
Top of the 1st over - 0 runs, 0 hits, 0 errors, 2 left on base; York 0 - Paris 0
BOTTOM OF THE 1ST
Paris Cubs batting - Pitching for York Revolution : LHP Jonathan Monroy
Pitching: LHP Jonathan Monroy
Batting: RHB Jason Banks 0-0: Ball
1-0: Called Strike
1-1: SINGLE (Groundball, P, EV 93.8 MPH) (infield hit)
Batting: LHB Jeremy Rideout 0-0: Ball
1-0: Reached on error, E6 (Groundball, 6MS, EV 63.1 MPH)
Jason Banks to third
Batting: RHB Mike Snider 0-0: Called Strike
0-1: Called Strike
0-2: Strikes out looking
Batting: LHB David Mendez 0-0: Ball
1-0: Ball
2-0: Fly out, F7 (Flyball, 78S, EV 88.8 MPH)
Batting: LHB Zach Martin 0-0: Foul Ball, location: 2F
0-1: Swinging Strike
0-2: Ball
Passed Ball!
Jason Banks scores
Jeremy Rideout to third
1-2: Strikes out swinging
Bottom of the 1st over - 1 run, 1 hit, 1 error, 1 left on base; York 0 - Paris 1
TOP OF THE 2ND
York Revolution batting - Pitching for Paris Cubs : RHP Chris P. Shephard
Batting: LHB Jason Duda 0-0: Ball
1-0: Foul Ball, location: 2F
1-1: Foul Ball, location: 2F
1-2: Ball
2-2: Foul Ball, location: 2F
2-2: Ball
3-2: Foul Ball, location: 2F
3-2: SINGLE (Groundball, 34D, EV 98.1 MPH)
Batting: RHB Frank Ramirez 0-0: SINGLE (Line Drive, 4MD, EV 100.6 MPH)
Jason Duda to second
Batting: LHB Quincy Smart 0-0: Foul Ball, location: 2F
0-1: Ball
1-1: Ball
2-1: Ball
3-1: Swinging Strike
3-2: Strikes out swinging
Batting: LHB Jessie Whedbee 0-0: Ball
1-0: Ball
2-0: Called Strike
2-1: Reached on error, E5 (Groundball, 56, EV 98.8 MPH)
Jason Duda to third
Frank Ramirez to second
Batting: LHB Bryant Dill 0-0: Ball
1-0: Foul Ball, location: 2F
1-1: Ball
2-1: Ball
3-1: Base on Balls
Jason Duda scores
Frank Ramirez to third
Jessie Whedbee to second
Batting: RHB Teh-huai Jiang 0-0: Foul Ball, location: 2F
0-1: Foul Ball, location: 2F
0-2: Foul Ball, location: 2F
0-2: Ball
1-2: Ball
2-2: Reached on error, E5 (Groundball, 5L, EV 81.9 MPH)
Frank Ramirez scores
Jessie Whedbee to third
Bryant Dill to second
Batting: RHB Eddie Serna 0-0: Ball
1-0: Ball
2-0: Ball
3-0: Foul Ball, location: 2F
3-1: Base on Balls
Jessie Whedbee scores
Bryant Dill to third
Teh-huai Jiang to second
Batting: LHB Jean-Claude Vanbiesbrouck 0-0: Called Strike
0-1: Swinging Strike
0-2: Foul Ball, location: 2F
0-2: Ball
1-2: Strikes out swinging
Batting: LHB Dennis French 0-0: Foul Ball, location: 2F
0-1: Called Strike
0-2: Ball
1-2: Foul Ball, location: 2F
1-2: Ball
2-2: Ball
3-2: GRAND SLAM HOME RUN (Flyball, 89XD, EV 109.4 MPH), Distance : 418 ft
Pitching: RHP Justin Rodrigues
Batting: LHB Jason Duda 0-0: Called Strike
0-1: Fly out, F8 (Flyball, 8RXD, EV 104.4 MPH)
Top of the 2nd over - 7 runs, 3 hits, 2 errors, 0 left on base; York 7 - Paris 1
BOTTOM OF THE 2ND
Paris Cubs batting - Pitching for York Revolution : LHP Jonathan Monroy
Batting: LHB Bobby Marlatt 0-0: Ground out 4-3 (Groundball, 4, EV 81.2 MPH)
Batting: LHB Don Crockett 0-0: Called Strike
0-1: Foul Ball, location: 2F
0-2: Strikes out swinging
Batting: RHB Michihisa Tanaka 0-0: Ball
1-0: Foul Ball, location: 2F
1-1: Ball
2-1: SINGLE (Groundball, 6MD, EV 102.5 MPH)
Batting: RHB Willie Rubio 0-0: Ground out U3 (Groundball, 3, EV 80.0 MPH)
Bottom of the 2nd over - 0 runs, 1 hit, 0 errors, 1 left on base; York 7 - Paris 1
TOP OF THE 3RD
York Revolution batting - Pitching for Paris Cubs : RHP Justin Rodrigues
Batting: RHB Frank Ramirez 0-0: Ball
1-0: SINGLE (Flyball, 5D, EV 95.0 MPH)
Batting: LHB Quincy Smart 0-0: Called Strike
Frank Ramirez steals 2nd base
0-1: Swinging Strike
0-2: Strikes out looking
Batting: LHB Jessie Whedbee 0-0: Ball
Wild Pitch!
Frank Ramirez to third
1-0: Ball
2-0: Foul Ball, location: 2F
2-1: Swinging Strike
2-2: Strikes out looking
Batting: LHB Bryant Dill 0-0: Called Strike
0-1: Ball
1-1: Ball
Wild Pitch!
Frank Ramirez scores
2-1: Foul Ball, location: 2F
2-2: Ball
3-2: Fly out, F4 (Popup, 13, EV 81.2 MPH)
Top of the 3rd over - 1 run, 1 hit, 0 errors, 0 left on base; York 8 - Paris 1
BOTTOM OF THE 3RD
Paris Cubs batting - Pitching for York Revolution : LHP Jonathan Monroy
Batting: RHB Jason Banks 0-0: Swinging Strike
0-1: Ball
1-1: Ball
2-1: Swinging Strike
2-2: Strikes out swinging
Batting: LHB Jeremy Rideout 0-0: Ball
1-0: Ball
2-0: Ball
3-0: Called Strike
3-1: Foul Ball, location: 2F
3-2: Strikes out swinging
Batting: RHB Mike Snider 0-0: Ball
1-0: Ball
2-0: Called Strike
2-1: SINGLE (Line Drive, 4MD, EV 95.6 MPH)
Batting: LHB David Mendez 0-0: Swinging Strike
0-1: Foul Ball, location: 2F
0-2: Ball
1-2: Strikes out swinging
Bottom of the 3rd over - 0 runs, 1 hit, 0 errors, 1 left on base; York 8 - Paris 1
TOP OF THE 4TH
York Revolution batting - Pitching for Paris Cubs : RHP Justin Rodrigues
Batting: RHB Teh-huai Jiang 0-0: Swinging Strike
0-1: Foul Ball, location: 2F
0-2: Ball
1-2: Strikes out swinging
Batting: RHB Eddie Serna 0-0: Called Strike
0-1: Foul Ball, location: 2F
0-2: Ball
1-2: Ball
2-2: Ball
3-2: Ground out 6-3 (Groundball, 6, EV 96.9 MPH)
Batting: LHB Jean-Claude Vanbiesbrouck 0-0: Ball
1-0: Ball
2-0: Ball
3-0: Base on Balls
Batting: LHB Dennis French 0-0: Fly out, F9 (Flyball, 89S, EV 91.2 MPH)
Top of the 4th over - 0 runs, 0 hits, 0 errors, 1 left on base; York 8 - Paris 1
BOTTOM OF THE 4TH
Paris Cubs batting - Pitching for York Revolution : LHP Jonathan Monroy
Batting: LHB Zach Martin 0-0: Swinging Strike
0-1: Ball
1-1: Ground out 3-1 (Groundball, 34, EV 106.9 MPH)
Batting: LHB Bobby Marlatt 0-0: Ball
1-0: Ground out U3 (Groundball, 34, EV 103.8 MPH)
Batting: LHB Don Crockett 0-0: SINGLE (Line Drive, 7S, EV 101.2 MPH)
Batting: RHB Michihisa Tanaka 0-0: Ball
1-0: Called Strike
1-1: Swinging Strike
1-2: Ball
2-2: Ball
3-2: Strikes out looking
Bottom of the 4th over - 0 runs, 1 hit, 0 errors, 1 left on base; York 8 - Paris 1
TOP OF THE 5TH
York Revolution batting - Pitching for Paris Cubs : RHP Justin Rodrigues
Pitching: RHP Tyler McCoy
Batting: LHB Jason Duda 0-0: Ball
1-0: Ball
2-0: SOLO HOME RUN (Flyball, 9D, EV 101.2 MPH), Distance : 396 ft
Batting: RHB Frank Ramirez 0-0: Ball
1-0: Fly out, F8 (Line Drive, 8RM, EV 105.0 MPH)
Batting: LHB Quincy Smart 0-0: Called Strike
0-1: Ball
1-1: Foul Ball, location: 2F
1-2: SINGLE (Line Drive, 78M, EV 96.9 MPH)
Batting: LHB Jessie Whedbee 0-0: Ball
Wild Pitch!
Quincy Smart to second
1-0: Ball
2-0: Swinging Strike
2-1: Swinging Strike
2-2: Foul Ball, location: 2F
2-2: Ball
3-2: SINGLE (Flyball, 8RS, EV 87.5 MPH)
Quincy Smart to third
Batting: LHB Bryant Dill 0-0: Fly out, F6 (Popup, 6S, EV 75.0 MPH)
Batting: RHB Teh-huai Jiang 0-0: Ball
1-0: Foul Ball, location: 2F
1-1: Ball
2-1: Foul Ball, location: 2F
2-2: Foul Ball, location: 2F
2-2: SINGLE (Groundball, 6MD, EV 105.6 MPH)
Quincy Smart scores
Jessie Whedbee to second
Batting: RHB Eddie Serna 0-0: Ball
1-0: Called Strike
1-1: Called Strike
1-2: Foul Ball, location: 2F
1-2: Strikes out swinging
Top of the 5th over - 2 runs, 4 hits, 0 errors, 2 left on base; York 10 - Paris 1
BOTTOM OF THE 5TH
Paris Cubs batting - Pitching for York Revolution : LHP Jonathan Monroy
Batting: RHB Willie Rubio 0-0: SINGLE (Groundball, 6MD, EV 93.8 MPH)
Batting: RHB Jason Banks 0-0: Called Strike
0-1: Hit by Pitch
Willie Rubio to second
Batting: LHB Jeremy Rideout 0-0: Ball
1-0: Reached on error, E4 (Groundball, 4S, EV 91.2 MPH)
Willie Rubio to third
Jason Banks to second
Batting: RHB Mike Snider 0-0: Foul Ball, location: 2F
0-1: Ball
1-1: Grounds into double play, 6-4-3 (Groundball, 6, EV 104.4 MPH)
Willie Rubio scores
Jason Banks to third
Batting: LHB David Mendez 0-0: Called Strike
0-1: Foul Ball, location: 2F
0-2: Ball
1-2: Foul Ball, location: 2F
1-2: Strikes out swinging
Bottom of the 5th over - 1 run, 1 hit, 1 error, 1 left on base; York 10 - Paris 2
TOP OF THE 6TH
York Revolution batting - Pitching for Paris Cubs : RHP Tyler McCoy
Pitching: RHP Kichijo Robinson
Batting: LHB Jean-Claude Vanbiesbrouck 0-0: Ball
1-0: Called Strike
1-1: Called Strike
1-2: Foul Ball, location: 2F
1-2: Ball
2-2: Ball
3-2: Ground out U3 (Groundball, 34, EV 90.0 MPH)
Batting: LHB Dennis French 0-0: Ball
1-0: Called Strike
1-1: Swinging Strike
1-2: Strikes out looking
Batting: LHB Jason Duda 0-0: Ball
1-0: Ball
2-0: Swinging Strike
2-1: Called Strike
2-2: Strikes out swinging
Top of the 6th over - 0 runs, 0 hits, 0 errors, 0 left on base; York 10 - Paris 2
BOTTOM OF THE 6TH
Paris Cubs batting - Pitching for York Revolution : LHP Jonathan Monroy
Batting: LHB Zach Martin 0-0: Called Strike
0-1: Ball
1-1: Ball
2-1: Called Strike
2-2: Foul Ball, location: 2F
2-2: Strikes out swinging
Batting: LHB Bobby Marlatt 0-0: Called Strike
0-1: Ground out U3 (Groundball, 3L, EV 84.4 MPH)
Batting: LHB Don Crockett 0-0: SINGLE (Line Drive, 78S, EV 110.6 MPH)
Batting: RHB Michihisa Tanaka 0-0: Called Strike
0-1: Ball
1-1: Ball
2-1: Called Strike
2-2: Ball
3-2: Fly out, F7 (Flyball, 7, EV 88.8 MPH)
Bottom of the 6th over - 0 runs, 1 hit, 0 errors, 1 left on base; York 10 - Paris 2
TOP OF THE 7TH
York Revolution batting - Pitching for Paris Cubs : RHP Kichijo Robinson
Pinch Hitting: RHB Steve Kirby 0-0: Ball
1-0: Ball
2-0: Called Strike
2-1: Ball
3-1: Base on Balls
Batting: LHB Quincy Smart 0-0: Called Strike
0-1: Foul Ball, location: 2F
0-2: Foul Ball, location: 2F
0-2: Ball
1-2: Ball
2-2: Strikes out swinging
Pitching: LHP Mike Anderson
Batting: LHB Jessie Whedbee 0-0: Called Strike
0-1: Ball
1-1: Called Strike
1-2: Strikes out swinging
Batting: LHB Bryant Dill 0-0: Ball
1-0: Ball
2-0: Foul Ball, location: 2F
2-1: Foul Ball, location: 2F
2-2: Foul Ball, location: 2F
2-2: SINGLE (Line Drive, 78M, EV 97.5 MPH)
Steve Kirby to second
Batting: RHB Nick Maxwell 0-0: Ball
1-0: Swinging Strike
1-1: Ball
2-1: Foul Ball, location: 2F
2-2: Foul Ball, location: 2LF, Error on foul ball, E2
2-2: Fly out, F8 (Line Drive, 8LD, EV 96.2 MPH)
Top of the 7th over - 0 runs, 1 hit, 1 error, 2 left on base; York 10 - Paris 2
BOTTOM OF THE 7TH
Paris Cubs batting - Pitching for York Revolution : LHP Jonathan Monroy
Pitching: RHP Robert Mccabe
Now in CF: Steve Kirby
Batting: RHB Willie Rubio 0-0: Fly out, F7 (Flyball, 7, EV 76.9 MPH)
Batting: RHB Jason Banks 0-0: Foul Ball, location: 2F
0-1: DOUBLE (Flyball, 8LD, EV 100.6 MPH)
Pinch Hitting: LHB Vernon Titterington 0-0: Ground out 4-3 (Groundball, 4, EV 80.6 MPH)
Jason Banks to third
Batting: RHB Mike Snider 0-0: Swinging Strike
0-1: Ball
1-1: Foul Ball, location: 2F
1-2: Fly out, F2 (Popup, 15S, EV 86.9 MPH)
Bottom of the 7th over - 0 runs, 1 hit, 0 errors, 1 left on base; York 10 - Paris 2
TOP OF THE 8TH
York Revolution batting - Pitching for Paris Cubs : LHP Mike Anderson
Now at 1B: Vernon Titterington
Batting: RHB Eddie Serna 0-0: Ball
1-0: Ball
2-0: Called Strike
2-1: Ball
3-1: Called Strike
3-2: SINGLE (Groundball, 5L, EV 93.8 MPH)
Pitching: LHP Dusty Blubaugh
Batting: LHB Jean-Claude Vanbiesbrouck 0-0: Foul Ball, location: 2F
0-1: Ball
1-1: Foul Ball, location: 2F
1-2: Fly out, F8 (Flyball, 8RXD, EV 95.6 MPH)
Pinch Hitting: RHB Mike Ryan 0-0: Called Strike
0-1: Swinging Strike
0-2: SINGLE (Groundball, 6MD, EV 98.8 MPH)
Eddie Serna to second
Runner from 2nd tries for 3rd, SAFE, throw by CF made to third
Pinch Hitting: RHB Dan Doggett 0-0: Ball
1-0: Ball
2-0: Ball
3-0: Base on Balls
Mike Ryan to second
Batting: RHB Steve Kirby 0-0: Ball
1-0: Ball
2-0: Ball
3-0: Base on Balls
Eddie Serna scores
Mike Ryan to third
Dan Doggett to second
Batting: LHB Quincy Smart 0-0: Called Strike
0-1: SINGLE (Flyball, 7LS, EV 95.6 MPH)
Mike Ryan scores
Dan Doggett to third
Steve Kirby to second
Batting: LHB Jessie Whedbee 0-0: Called Strike
0-1: Foul Ball, location: 2F
0-2: Foul Ball, location: 2F
0-2: Ball
1-2: Ball
2-2: Ball
3-2: Foul Ball, location: 2F
3-2: Fly out, F9 (Flyball, 89M, EV 75.6 MPH)
Pitching: RHP Brendan Malzone
Batting: LHB Bryant Dill 0-0: Ball
1-0: Foul Ball, location: 2F
1-1: Foul Ball, location: 2F
1-2: SINGLE (Groundball, 56, EV 107.5 MPH)
Dan Doggett scores
Steve Kirby to third
Quincy Smart to second
Runner from 3rd tries for Home, SAFE, throw by LF to home
Batting: RHB Nick Maxwell 0-0: Foul Ball, location: 2F
0-1: Ball
1-1: Ball
Passed Ball!
Quincy Smart to third
Bryant Dill to second
2-1: Foul Ball, location: 2F
2-2: Ball
3-2: Base on Balls
Batting: RHB Eddie Serna 0-0: Called Strike
0-1: Ball
1-1: Foul Ball, location: 2F
1-2: Strikes out swinging
Top of the 8th over - 4 runs, 4 hits, 0 errors, 3 left on base; York 14 - Paris 2
BOTTOM OF THE 8TH
Paris Cubs batting - Pitching for York Revolution : RHP Robert Mccabe
Now at 1B: Ryan Young
Now in RF: Dan Doggett
Batting: LHB David Mendez 0-0: Foul Ball, location: 2F
0-1: Hit by Pitch
Batting: LHB Zach Martin 0-0: Ball
1-0: SINGLE (Line Drive, 8RS, EV 105.6 MPH)
David Mendez to second
Pinch Hitting: LHB Jonathon Lewis 0-0: Called Strike
0-1: Ball
1-1: Foul Ball, location: 2F
1-2: Ball
2-2: Ball
3-2: Strikes out swinging
Batting: LHB Don Crockett 0-0: Ball
1-0: DOUBLE (Line Drive, 7LD, EV 113.8 MPH)
David Mendez scores
Zach Martin to third
Runner from 3rd tries for Home, SAFE, throw by LF to trailing runner, SAFE at third!
Batting: RHB Michihisa Tanaka 0-0: SINGLE (Flyball, 8RS, EV 90.0 MPH)
Don Crockett scores
Batting: RHB Willie Rubio 0-0: Ball
1-0: Ball
2-0: Ball
3-0: Called Strike
3-1: Foul Ball, location: 2F
3-2: Strikes out swinging
Batting: RHB Jason Banks 0-0: Foul Ball, location: 2F
0-1: Ball
1-1: Foul Ball, location: 2F
1-2: Fly out, F9 (Line Drive, 9, EV 91.9 MPH)
Bottom of the 8th over - 3 runs, 3 hits, 0 errors, 1 left on base; York 14 - Paris 5
TOP OF THE 9TH
York Revolution batting - Pitching for Paris Cubs : RHP Brendan Malzone
Now in RF: Jonathon Lewis
Batting: LHB Jean-Claude Vanbiesbrouck 0-0: Swinging Strike
0-1: Foul Ball, location: 2F
0-2: Ball
1-2: Foul Ball, location: 2F
1-2: SINGLE (Line Drive, 56, EV 103.8 MPH)
Batting: LHB Ryan Young 0-0: Foul Ball, location: 2F
0-1: Ball
1-1: Ball
2-1: Ball
3-1: Base on Balls
Jean-Claude Vanbiesbrouck to second
Batting: RHB Dan Doggett 0-0: Foul Ball, location: 2F
0-1: Ball
1-1: Foul Ball, location: 2F
1-2: Ball
Passed Ball!
Jean-Claude Vanbiesbrouck to third
Ryan Young to second
2-2: Ball
3-2: Base on Balls
Batting: RHB Steve Kirby 0-0: Swinging Strike
0-1: Ball
1-1: Foul Ball, location: 2F
1-2: Ball
2-2: Ball
3-2: SINGLE (Groundball, 56, EV 99.4 MPH)
Jean-Claude Vanbiesbrouck scores
Ryan Young to third
Dan Doggett to second
Runner from 3rd tries for Home, SAFE, throw by LF to home
Pitching: RHP Cliff Caudle
Batting: LHB Quincy Smart 0-0: Ball
Wild Pitch!
Dan Doggett to third
Steve Kirby to second
1-0: SINGLE (Groundball, 34S, EV 65.0 MPH) (infield hit)
Batting: LHB Jessie Whedbee 0-0: Called Strike
0-1: Called Strike
0-2: Ball
1-2: Ball
2-2: Ball
3-2: Grounds into double play, 3-6-3 (Groundball, 34S, EV 93.8 MPH)
Dan Doggett scores
Steve Kirby to third
Batting: LHB Bryant Dill 0-0: Fly out, F6 (Popup, 6MS, EV 66.2 MPH)
Top of the 9th over - 3 runs, 3 hits, 0 errors, 1 left on base; York 17 - Paris 5
BOTTOM OF THE 9TH
Paris Cubs batting - Pitching for York Revolution : RHP Robert Mccabe
Pinch Hitting: LHB Tyler Schuettler 0-0: Ball
1-0: Ball
2-0: Called Strike
2-1: SINGLE (Groundball, 34D, EV 100.0 MPH)
Batting: RHB Mike Snider 0-0: Ball
1-0: Ball
2-0: Called Strike
2-1: Ball
3-1: Called Strike
3-2: Strikes out swinging
Batting: LHB David Mendez 0-0: Called Strike
0-1: Swinging Strike
0-2: Foul Ball, location: 2F
0-2: Ball
1-2: Foul Ball, location: 2F
1-2: Ball
2-2: Ball
3-2: Base on Balls
Tyler Schuettler to second
Pitching: RHP Robert Chauvel
Batting: LHB Zach Martin 0-0: Ball
1-0: Foul Ball, location: 2F
1-1: Ball
2-1: DOUBLE (Flyball, 89XD, EV 95.6 MPH)
Tyler Schuettler scores
David Mendez to third
Pinch Hitting: SHB Shiroku Waki 0-0: Foul Ball, location: 2F
0-1: Ball
1-1: Called Strike
1-2: Fly out, F7 (Flyball, 78S, EV 90.6 MPH)
Batting: LHB Don Crockett 0-0: Ball
1-0: SINGLE (Groundball, 34D, EV 105.0 MPH)
David Mendez scores
Zach Martin to third
Batting: RHB Michihisa Tanaka 0-0: Swinging Strike
0-1: Called Strike
0-2: Ball
1-2: Strikes out swinging
Bottom of the 9th over - 2 runs, 3 hits, 0 errors, 2 left on base; York 17 - Paris 7
Tuesday, March 28th , 2023 - OOTP Baseball 23.10 Build 110